Map: Cosmic Sapphire

Players

Astrea

  • Race: Protoss Protoss
  • League: Grandmaster
  • Spawn Location: 5:00

soO - Winner!

  • Race: Zerg Zerg
  • Spawn Location: 11:00

VOD

Have the link to the VOD?

Description

Time

  • Played on: Oct. 20, 2022, 6:40 a.m.
  • Length: 14:58
Show
View Real Time Build Order
Export as new Build Order

Astrea Protoss 

Build Orders: 1 Gate Expand, Oracle Opening 

Get SALT Encoding   

  12  0:00  Probe  
  13  0:12  Probe  
  14  0:17  Pylon  
  14  0:24  Probe  
  14  0:27  Assimilator  
  15  0:36  Probe (Chrono Boost)  
  15  0:42  Gateway  
  16  0:48  Probe (Chrono Boost)  
  17  0:54  Probe (Chrono Boost)  
  18  1:03  Probe  
  19  1:15  Probe  
  20  1:21  Nexus  
  20  1:31  Cybernetics Core  
  20  1:34  Probe  
  20  1:39  Assimilator  
  21  1:46  Probe  
  22  1:48  Pylon  
  22  1:58  Probe (Chrono Boost)  
  23  2:06  Adept (Chrono Boost)  
  26  2:09  Probe (Chrono Boost)  
  26  2:11  Stargate  
  26  2:14  Probe (Chrono Boost)  
  26  2:19  Warp Gate  
  27  2:25  Probe (Chrono Boost)  
  27  2:28  Adept  
  30  2:34  Probe (Chrono Boost)  
  32  2:43  Probe (Chrono Boost)  
  32  2:44  Probe (Chrono Boost)  
  33  2:49  Probe x2 (Chrono Boost)  
  35  2:56  Oracle (Chrono Boost)  
  38  3:00  Probe  
  38  3:01  Probe  
  40  3:08  Pylon  
  40  3:13  Probe  
  40  3:15  Probe  
  42  3:24  Nexus  
  42  3:25  Probe  
  43  3:28  Oracle (Chrono Boost)  
  43  3:33  Probe  
  47  3:36  Pylon  
  47  3:38  Probe  
  48  3:45  Twilight Council, Probe  
  49  3:50  Probe, Assimilator  
  50  3:57  Probe  
  50  3:59  Gateway  
  51  4:03  Probe  
  51  4:07  Gateway  
  53  4:11  Probe (Chrono Boost)  
  53  4:14  Gateway  
  53  4:15  Probe (Chrono Boost)  
  54  4:18  Pylon  
  56  4:25  Probe (Chrono Boost)  
  56  4:26  Probe (Chrono Boost), Blink (Chrono Boost)  
  56  4:30  Pylon  
  56  4:31  Probe  
  56  4:33  Probe  
  56  4:36  Probe  
  59  4:44  Probe  
  60  4:45  Probe  
  60  4:46  Stalker  
  60  4:48  Probe  
  64  4:56  Probe  
  64  4:58  Probe, Forge  
  66  5:01  Probe  
  66  5:06  Stalker x2  
  71  5:09  Probe  
  71  5:10  Shield Battery, Probe  
  71  5:13  Probe, Stalker  
  71  5:14  Stalker  
  78  5:21  Probe  
  78  5:22  Probe  
  78  5:25  Probe  
  81  5:32  Stalker x2  
  81  5:33  Probe  
  81  5:34  Probe  
  81  5:35  Assimilator  
  87  5:36  Pylon  
  87  5:37  Probe  
  88  5:47  Stalker x2  
  88  5:49  Probe  
  93  5:50  Protoss Ground Armor Level 1 (Chrono Boost)  
  93  5:52  Nexus  
  93  5:54  Probe, Assimilator x2  
  93  5:55  Pylon  
  93  5:56  Probe  
  95  6:02  Templar Archives, Probe  
  95  6:03  Pylon  
  96  6:06  Probe  
  96  6:09  Probe  
  98  6:14  Probe  
  96  6:19  Psionic Storm  
  96  6:21  Probe  
  96  6:24  Probe  
  98  6:26  Probe, Photon Cannon  
  98  6:27  Shield Battery  
  98  6:31  Gateway, Pylon  
  98  6:32  Gateway  
  99  6:33  Probe  
  99  6:34  Gateway  
  99  6:35  Gateway  
  99  6:36  Probe  
  99  6:38  Probe  
  102  6:40  Robotics Facility  
  102  6:45  Probe, High Templar x3  
  109  6:48  Probe  
  109  6:51  Probe  
  109  6:52  High Templar  
  113  6:54  Photon Cannon  
  113  6:56  Assimilator  
  113  6:58  Assimilator  
  113  7:00  Probe  
  114  7:04  Probe x2  
  114  7:05  Pylon  
  114  7:07  Photon Cannon  
  116  7:09  Probe, Pylon  
  116  7:10  Photon Cannon  
  116  7:12  Probe  
  116  7:14  Photon Cannon  
  118  7:16  Probe  
  118  7:20  High Templar x2  
  123  7:24  Probe x2, Forge  
  123  7:28  Observer  
  126  7:31  Protoss Ground Weapons Level 1 (Chrono Boost), Charge (Chrono Boost)  
  126  7:34  Gateway x2  
  126  7:36  Gateway, High Templar  
  128  7:42  Zealot x5  
  138  7:50  Pylon  
  138  7:52  Observer, Pylon x2  
  138  7:53  Shield Battery, Pylon  
  138  7:57  High Templar x2  
  143  8:05  Archon  
  143  8:08  Zealot x4, High Templar x2  
  143  8:12  Archon  
  155  8:15  Protoss Ground Armor Level 2 (Chrono Boost), Pylon x2  
  155  8:20  Shield Battery  
  155  8:22  Photon Cannon  
  155  8:27  Photon Cannon  
  155  8:30  Photon Cannon  
  155  8:33  Photon Cannon  
  155  8:34  Zealot x9  
  163  8:44  Immortal (Chrono Boost)  
  163  8:45  High Templar x2  
  170  8:49  Archon  
  170  8:59  Pylon  
  170  9:01  High Templar x2  
  156  9:03  Zealot x7, Pylon  
  156  9:06  Archon  
  170  9:12  Warp Prism (Chrono Boost)  
  172  9:31  High Templar x5  
  174  9:32  High Templar  
  174  9:34  Zealot x5  
  174  9:37  Archon x3  
  194  9:41  Gateway, Protoss Ground Weapons Level 2  
  194  9:42  Gateway  
  194  9:47  Photon Cannon  
  194  9:48  Photon Cannon  
  194  9:52  Nexus  
  194  9:54  Pylon  
  194  9:58  Stalker  
  178  10:03  Gateway  
  178  10:04  Gateway  
  172  10:13  Immortal  
  172  10:19  Zealot x8  
  172  10:20  Zealot x2  
  190  10:30  Photon Cannon  
  190  10:32  Photon Cannon  
  190  10:34  Shield Battery  
  190  10:37  Pylon  
  190  10:41  Protoss Ground Armor Level 3  
  190  10:42  Protoss Air Weapons Level 1 (Chrono Boost)  
  172  10:51  Immortal (Chrono Boost)  
  172  10:55  Probe  
  172  10:56  Probe  
  163  10:58  Stalker x2  
  163  11:00  Probe x2  
  163  11:04  High Templar x5  
  161  11:05  High Templar  
  161  11:06  Zealot x4  
  161  11:08  Probe  
  161  11:09  Archon x2  
  161  11:11  Archon, Probe x2  
  180  11:12  Probe x2  
  180  11:15  Assimilator  
  180  11:17  Photon Cannon  
  182  11:20  Probe  
  182  11:21  Immortal  
  177  11:28  Probe  
  177  11:31  Zealot  
  177  11:32  Zealot x6  
  186  11:36  Zealot x3  
  192  11:43  Zealot x3  
  173  11:57  Nexus  
  173  11:59  Probe x3  
  176  12:01  Immortal (Chrono Boost)  
  180  12:13  Probe  
  181  12:19  Probe  
  167  12:24  Probe x2  
  167  12:25  Probe  
  167  12:27  Assimilator  
  170  12:30  Immortal (Chrono Boost)  
  170  12:31  Probe  
  170  12:35  Zealot x4  
  168  12:44  Probe  
  168  12:46  Probe  
  168  12:47  Probe  
  168  12:50  Probe  
  142  12:56  Probe (Chrono Boost)  
  142  12:57  Assimilator  
  142  12:58  Probe (Chrono Boost), Assimilator  
  142  13:03  Probe (Chrono Boost)  
  141  13:05  Immortal (Chrono Boost)  
  141  13:08  Probe x2 (Chrono Boost)  
  141  13:10  Probe (Chrono Boost)  
  147  13:16  Probe (Chrono Boost)  
  146  13:20  Probe  
  143  13:32  High Templar x11  
  165  13:36  Immortal (Chrono Boost)  
  165  13:37  Oracle  
  165  13:39  Archon x3  
  165  13:40  Archon  
  165  13:41  Archon  
  172  14:09  Fleet Beacon  
  172  14:10  Stargate, Pylon  
  172  14:13  Zealot x11  
Show
View Real Time Build Order
Export as new Build Order

soO Zerg - Winner!

Build Orders: Hatch First, Lurkers 

Get SALT Encoding   

  12  0:00  Drone  
  13  0:12  Overlord  
  13  0:16  Drone  
  14  0:30  Drone x2  
  16  0:47  Hatchery  
  15  0:51  Drone  
  15  0:54  Drone  
  17  0:57  Drone  
  18  1:08  Extractor  
  17  1:12  Spawning Pool  
  17  1:15  Drone  
  17  1:19  Drone  
  18  1:27  Drone  
  19  1:38  Drone  
  20  1:48  Drone  
  21  1:59  Queen x2  
  21  2:00  Zergling x2, Overlord  
  26  2:10  Drone x2  
  26  2:11  Metabolic Boost  
  28  2:20  Drone x2  
  30  2:31  Drone  
  31  2:37  Hatchery  
  31  2:39  Queen  
  31  2:41  Drone  
  33  2:45  Overlord  
  33  2:49  Drone  
  34  2:55  Drone x2  
  36  3:04  Overlord  
  35  3:05  Drone  
  35  3:08  Queen  
  35  3:09  Overlord  
  35  3:11  Drone  
  35  3:12  Drone  
  40  3:15  Drone  
  40  3:19  Queen  
  43  3:25  Drone x3  
  46  3:29  Drone  
  46  3:32  Zergling x2  
  48  3:37  Zergling x4  
  50  3:45  Drone  
  50  3:47  Drone  
  52  3:48  Drone  
  52  3:49  Queen  
  52  3:50  Drone  
  52  3:52  Drone  
  52  3:53  Drone  
  58  3:59  Spore Crawler, Drone  
  58  4:03  Drone x2  
  58  4:04  Overlord  
  58  4:06  Drone  
  58  4:08  Evolution Chamber  
  58  4:09  Spore Crawler  
  59  4:10  Drone  
  59  4:11  Drone x2  
  59  4:15  Drone  
  59  4:16  Drone x2  
  65  4:20  Overlord  
  65  4:21  Spore Crawler  
  65  4:23  Drone x2  
  66  4:26  Drone x2  
  66  4:27  Overlord  
  68  4:34  Zerg Melee Weapons Level 1  
  68  4:35  Drone x2  
  68  4:37  Drone  
  68  4:38  Spore Crawler, Drone  
  70  4:44  Drone x2  
  73  4:47  Zergling x2  
  73  4:48  Zergling x4  
  76  4:56  Lair  
  76  4:57  Drone x3  
  76  4:58  Hatchery  
  76  4:59  Drone x2  
  80  5:01  Drone x3, Extractor x2  
  80  5:06  Extractor  
  80  5:09  Queen  
  80  5:12  Drone  
  83  5:14  Baneling Nest, Drone x2  
  83  5:16  Zergling x10  
  83  5:19  Overlord  
  89  5:23  Overlord  
  89  5:27  Zergling x2  
  90  5:30  Overlord  
  90  5:35  Hatchery  
  89  5:38  Overlord  
  89  5:41  Zergling x10, Extractor  
  93  5:46  Drone  
  93  5:48  Zergling x8  
  98  5:55  Drone x2  
  98  5:56  Hydralisk Den  
  99  6:00  Drone  
  100  6:07  Drone x5  
  100  6:10  Drone x4  
  109  6:11  Drone  
  108  6:22  Drone x2  
  108  6:25  Infestation Pit  
  108  6:27  Drone x3  
  108  6:29  Spore Crawler  
  110  6:35  Zerg Melee Weapons Level 2  
  110  6:36  Centrifugal Hooks  
  110  6:37  Zergling x6  
  110  6:38  Zergling x12  
  119  6:40  Drone x2  
  121  6:52  Grooved Spines  
  121  6:53  Hydralisk, Drone x2  
  121  6:54  Hydralisk x4  
  123  6:56  Overlord  
  123  6:57  Overlord  
  123  6:59  Overlord  
  123  7:00  Overlord  
  133  7:02  Hive  
  133  7:03  Drone  
  133  7:04  Overlord  
  133  7:05  Overlord  
  133  7:06  Extractor  
  133  7:08  Extractor  
  132  7:13  Drone x2, Overlord  
  132  7:15  Drone  
  135  7:17  Hydralisk x5  
  145  7:23  Drone  
  145  7:25  Lurker Den  
  145  7:38  Hydralisk x3  
  145  7:39  Zergling x18  
  160  7:54  Zergling x18  
  160  7:55  Overseer  
  160  7:57  Hatchery  
  167  8:00  Overseer  
  167  8:04  Muscular Augments  
  167  8:13  Zergling x20  
  167  8:16  Overlord  
  167  8:18  Drone  
  178  8:24  Adrenal Glands  
  178  8:26  Seismic Spines  
  177  8:36  Overlord  
  177  8:40  Drone x3  
  172  8:56  Zerg Melee Weapons Level 3  
  172  8:57  Evolution Chamber  
  172  9:00  Zergling x34  
  185  9:08  Lurker x10  
  195  9:13  Spine Crawler  
  194  9:19  Queen  
  196  9:27  Overseer  
  196  9:28  Adaptive Talons  
  196  9:29  Zerg Missile Weapons Level 1  
  196  9:31  Drone x2  
  196  9:34  Extractor  
  200  9:38  Lurker x3  
  200  9:43  Spine Crawler  
  200  9:45  Spine Crawler x2  
  198  9:59  Spine Crawler  
  190  10:03  Spine Crawler  
  185  10:08  Hydralisk x3  
  185  10:09  Zergling x2, Hydralisk x3  
  185  10:10  Zergling x32  
  196  10:20  Drone x2  
  196  10:21  Drone x2  
  184  10:22  Spore Crawler  
  184  10:24  Baneling x7  
  184  10:25  Baneling x20  
  184  10:27  Hydralisk  
  185  10:28  Zergling x22  
  196  10:40  Hatchery  
  194  10:45  Hydralisk x4  
  194  10:46  Drone  
  194  10:48  Extractor  
  185  11:02  Hatchery  
  181  11:10  Baneling x20  
  181  11:13  Hydralisk x2  
  181  11:14  Zergling x2, Hydralisk x3  
  181  11:15  Zergling x14  
  199  11:24  Hydralisk x3  
  199  11:25  Hydralisk x3  
  182  11:33  Lurker x2  
  175  11:48  Zergling x44  
  195  11:58  Drone  
  195  12:00  Drone x4  
  200  12:01  Spore Crawler  
  200  12:04  Spore Crawler  
  200  12:05  Lurker x2  
  200  12:08  Zerg Ground Armor Level 1, Zerg Missile Weapons Level 2  
  199  12:14  Baneling x14  
  198  12:20  Drone x3  
  198  12:29  Hatchery  
  192  12:42  Hydralisk  
  192  12:43  Zergling x4  
  176  12:46  Hydralisk x2  
  176  12:47  Hydralisk  
  176  12:48  Zergling x20, Hydralisk  
  176  12:49  Zergling x14  
  176  12:51  Hydralisk x8  
  166  12:53  Hydralisk x2  
  166  12:54  Zergling x16  
  166  12:57  Lurker x2  
  180  13:05  Drone  
  180  13:08  Lurker x8  
  188  13:14  Zergling x24  
  185  13:24  Zergling x16  
  185  13:25  Zergling x12  
  195  13:28  Lurker x4  
  195  13:29  Baneling  
  195  13:34  Baneling x29  
  199  13:45  Overseer  
  199  13:46  Overseer  
  199  14:01  Lurker  
  200  14:14  Spine Crawler  
  200  14:16  Spine Crawler  
  197  14:23  Lurker x8  
  196  14:25  Zergling x10  
  167  14:39  Zergling x64  
  167  14:40  Zergling x4  
Tags
 
Add a new tag
Caveats
  • Supply blocks, unpowered buildings, or Contaminate may cause inaccurate times.
  • Supply counts are checked every 10 seconds.